 Dungeon Crawl Stone Soup version 0.31-a0-354-g827e0957a7 (webtiles) character file.

Game seed: 10375531370390359398

3541 Dordric the Mimic (level 9, -2/75 HPs)
             Began as a Troll Shapeshifter on July 24, 2023.
             Was a Priest of Okawaru.
             Shot with an arrow by a centaur (6 damage)
             ... on level 8 of the Dungeon.
             The game lasted 00:10:59 (5399 turns).

Dordric the Mimic (Troll Shapeshifter)              Turns: 5399, Time: 00:11:00

Health: -2/75      AC:  5    Str: 25    XL:     9   Next: 82%
Magic:  8/8        EV: 10    Int:  4    God:    Okawaru [***...]
Gold:   339        SH:  0    Dex: 14    Spells: 8/8 levels left

rFire   . .          .
                       - Unarmed
rCold   . . .        (no shield)
rNeg    + . .        w - melded +1 troll leather armour {Pargi}
rPois   .            (helmet restricted)
rElec   .            v - +2 cloak
rCorr   .            (gloves unavailable)
SInv    .            (boots unavailable)
Will    .....        (no amulet)
Stlth   +            l - ring of positive energy
HPRegen 1.12/turn    (no ring)
MPRegen 0.11/turn

%: no passive effects
@: lethally poisoned (-2 -> -12), maw-form
A: devouring maw, large, unfitting armour, claws 3, regeneration 1, shaggy fur
1, tough skin 1
a: Begin Untransformation, Renounce Religion, Heroism


You were on level 8 of the Dungeon.
You worshipped Okawaru.
Okawaru was most pleased with you.
You were a creature with a mouth for a stomach.
You visited 2 branches of the dungeon, and saw 9 of its levels.
You also visited: Sewer.

You collected 339 gold pieces.

Inventory:

Missiles
 t - 2 throwing nets
Armour
 a - a +0 animal skin
 o - a +0 cloak
 v - a +2 cloak (worn)
 w - a +1 troll leather armour (melded) {Pargi}
 C - +0 steam dragon scales
Jewellery
 l - a ring of positive energy (left claw)
 m - an amulet of magic regeneration
Talismans
 c - a beast talisman
 k - a maw talisman
Wands
 E - a wand of flame (40)
Scrolls
 d - a scroll of fog {unknown}
 e - 3 scrolls of amnesia
 j - 7 scrolls of teleportation
 r - a scroll of immolation
 u - a scroll of enchant armour
 x - 5 scrolls of identify
 y - 3 scrolls of fear {unknown}
 D - a scroll of enchant weapon {unknown}
Potions
 b - 3 potions of lignification
 f - 2 potions of degeneration
 g - 2 potions of invisibility {unknown}
 h - 2 potions of might {unknown}
 i - 2 potions of brilliance {unknown}
 n - 3 potions of haste {unknown}
 p - a potion of resistance {unknown}
 q - 4 potions of heal wounds {unknown}
 s - 2 potions of attraction {unknown}
 z - 2 potions of mutation {unknown}
 A - a potion of ambrosia {unknown}
 B - 2 potions of curing {unknown}


   Skills:
 - Level 0.7 Fighting
 - Level 1.5 Dodging
 - Level 3.1 Unarmed Combat
 + Level 12.2 Shapeshifting


You had 8 spell levels left.
You didn't know any spells.
Your spell library contained the following spells:

 Spells                   Type           Power      Damage    Failure   Level
 Freeze                   Ice            0%         1d3       50%         1
 Sandblast                Erth           0%         2d4       50%         1
 Lesser Beckoning         Tloc           0%         N/A       65%         2
 Passwall                 Tmut/Erth      0%         N/A       65%         2
 Frozen Ramparts          Ice            0%         1d1       86%         3
 Gell's Gravitas          Tloc           0%         N/A       86%         3
 Hailstorm                Conj/Ice       0%         3d3       86%         3
 Stone Arrow              Conj/Erth      0%         3d7       86%         3
 Teleport Other           Tloc           0%         N/A       86%         3
 Petrify                  Tmut/Erth      0%         N/A       99%         4
 Metabolic Englaciation   Hex/Ice        0%         N/A       100%        5


Dungeon Overview and Level Annotations

Branches:
Dungeon (8/15)             Temple (1/1) D:5           Sewer (visited)
   Lair: D:8-11

Altars:
Ashenzari
Cheibriados
Elyvilon
Fedhas
Hepliaklqana
Kikubaaqudgha
Nemelex Xobeh
Okawaru
Qazlal
Ru
Uskayaw
Wu Jian
Xom
Yredelemnul
Zin

Shops:
D:5 **(

Annotations:
D:7 1 runed translucent door, bchevrier's ghost, novice GnWn


Innate Abilities, Weirdness & Mutations

You are a creature with a mouth for a stomach.
Your midsection houses a second, enormous mouth.
You are too large for most types of armour.
You have claws for hands.
Your natural rate of healing is unusually fast.
You are covered in fur. (AC +1)
You have tough skin. (AC +1)


Message History

You kill the steam dragon!
Okawaru accepts your kill.
Okawaru will now gift you throwing weapons as you gain piety.
You are engulfed in a cloud of scalding steam.
* * * LOW HITPOINT WARNING * * *
Your attacks no longer feel as feeble.
The white imp gestures at you. The puff of frost hits you.
* * * LOW HITPOINT WARNING * * *
The gnoll bouda is engulfed in a cloud of scalding steam.
The gnoll bouda dies!
Really walk into that cloud of steam?
Okay, then.
You scratch the white imp.
You claw the white imp, but do no damage.
You bite the white imp!
You kill the white imp!
Okawaru accepts your kill.
Things that are here:
a +0 whip; a +0 leather armour
There is an open door here.
You completely miss the water moccasin. The water moccasin bites you!
* * * LOW HITPOINT WARNING * * *
You barely miss the water moccasin.
A centaur comes into view. It is wielding a staff of fire.
The water moccasin bites you.
* * * LOW HITPOINT WARNING * * *
You are poisoned.
The water moccasin poisons you!
The centaur shouts!
You claw the water moccasin!
The water moccasin is severely wounded.
You feel very sick.
The centaur wields a +0 shortbow.
The centaur shoots an arrow.
The arrow closely misses you. The water moccasin bites you.
* * * LOW HITPOINT WARNING * * *
You are lethally poisoned!
The water moccasin poisons you! The water moccasin barely misses you.
The centaur shoots an arrow.
The arrow hits you.
You die...

##)###..##.#.(#.#####.
#|.#..#####.#..#.##..#
#.###..#..##.#..#.##..
#.#..###.c ##.#..#..##
####..#.. ##.#..)).#
#..###.# ##.#..###
###..#..# ##.#))#
#..###.# ##..##
#..)SW.# ##.' ##)#####
############ ....
#......#.... #..#..
#......#..## #.. ###
#.....##..## ...
#.....#...#. ....
#.....'...#. .....
#.....#...#.
#.....#...#.


You could see a water moccasin and a centaur.

Vanquished Creatures
  6 yaks
  2 steam dragons
  An acid dragon (D:7)
  A water moccasin (D:7)
  Pargi (Sewer)
  4 orc warriors
  4 black bears
  A centaur (D:8)
  2 bullfrogs
  2 scorpions
  A wight (D:8)
  A howler monkey (D:8)
  4 hounds
  5 orc priests
  3 jellies
  3 iguanas
  A sleepcap (D:5)
  A gnoll bouda (D:5)
  Natasha (twice) (D:4)
  3 orc wizards
  5 adders
  17 gnolls
  A river rat (D:4)
  A shadow imp (D:4)
  A white imp (D:8)
  A worm (D:4)
  6 dart slugs
  22 orcs
  7 ball pythons
  6 bats
  4 endoplasms
  5 giant cockroaches
  4 goblins
  2 hobgoblins
  3 jackals (D:2)
  9 quokkas
  3 frilled lizards
  8 kobolds
  12 rats
165 creatures vanquished.

Vanquished Creatures (others)
  A gnoll bouda (D:8)
1 creature vanquished.

Grand Total: 166 creatures vanquished

Notes
Turn   | Place    | Note
-------+----------+-------------------------------------------
     0 | D:1      | Dordric the Troll Shapeshifter began the quest for the Orb.
     0 | D:1      | Reached XP level 1. HP: 18/18 MP: 0/0
   146 | D:1      | Reached XP level 2. HP: 26/26 MP: 1/1
   604 | D:1      | Reached XP level 3. HP: 32/32 MP: 2/2
   839 | D:2      | Reached skill level 4 in Shapeshifting
  1009 | D:3      | Found a hide-covered altar of Uskayaw.
  1121 | D:3      | Reached XP level 4. HP: 33/40 MP: 3/3
  1299 | D:3      | Identified the +1 hand axe of Kindness {holy, Int+5}
  1925 | D:3      | Reached skill level 5 in Shapeshifting
  1925 | D:3      | Reached XP level 5. HP: 46/46 MP: 4/4
  2012 | D:4      | Noticed Natasha
  2013 | D:4      | Noticed a black bear
  2021 | D:4      | Killed a black bear
  2022 | D:4      | Reached skill level 6 in Shapeshifting
  2022 | D:4      | Reached XP level 6. HP: 47/54 MP: 5/5
  2023 | D:4      | Killed Natasha
  2233 | D:4      | Noticed Natasha
  2238 | D:4      | Killed Natasha
  2315 | D:4      | Reached XP level 7. HP: 37/61 MP: 6/6
  2469 | D:4      | Found a glowing drain.
  2479 | Sewer    | Entered a sewer
  2543 | Sewer    | Reached skill level 7 in Shapeshifting
  2556 | Sewer    | Noticed Pargi
  2563 | Sewer    | Killed Pargi
  2693 | D:5      | Entered Level 5 of the Dungeon
  2779 | D:5      | Found Upulock's Assorted Antiques.
  2789 | D:5      | Reached skill level 8 in Shapeshifting
  2826 | D:5      | Found a staircase to the Ecumenical Temple.
  2847 | Temple   | Entered the Ecumenical Temple
  2966 | Temple   | Became a worshipper of Warmaster Okawaru
  3052 | D:5      | Found Yzulixt's Antique Weapon Shop.
  3154 | D:5      | Reached XP level 8. HP: 63/68 MP: 7/7
  3189 | D:5      | Found Supefyeh's Assorted Antiques.
  3692 | D:6      | Reached skill level 9 in Shapeshifting
  4144 | D:6      | Reached * piety under Okawaru
  4145 | D:6      | Reached skill level 10 in Shapeshifting
  4209 | D:6      | Reached XP level 9. HP: 18/75 MP: 6/8
  4445 | D:7      | Found a runed translucent door.
  4445 | D:7      | Found a shimmering altar of Xom.
  4445 | D:7      | Noticed a +1 short sword of chaos
  4445 | D:7      | Noticed bchevrier's ghost (novice GnWn)
  4599 | D:7      | Reached ** piety under Okawaru
  4649 | D:7      | Reached skill level 11 in Shapeshifting
  5385 | D:8      | Reached skill level 12 in Shapeshifting
  5391 | D:8      | Reached *** piety under Okawaru
  5399 | D:8      | Shot with an arrow by a centaur

Illustrated notes

Levels and vault maps discovered:
D:1:      ebering_trefoil_twist, layout_loops_ring
D:2:      layout_rooms, chequers_serial_rivers_marsh, kennysheep_generic_room_13
D:3:      layout_basic, nicolae_uskayaw_dance_hall, minmay_close_crescents
D:4:      minmay_wonky_spiral, layout_rooms, portal_sewer_entry_e, uniq_natasha
D:5:      layout_rooms, minmay_temple_entry_ruins, serial_shops,
          nicolae_inconvenience_store, shop, shop,
          chequers_serial_rivers_small_3
D:6:      black_bear_nest_2, layout_cave_pools
D:7:      layout_basic, ebering_ghost_xom
D:8:      minmay_razor_zed, layout_gridville, nicolae_gozag_seed_capital,
          chequers_serial_rivers_room_b, minmay_manual_moon
Temple:   nicolae_temple_ecumenical_triangle

Skill      XL: |  1  2  3  4  5  6  7  8  9 |
---------------+----------------------------+-----
Shapeshifting  | 4 5 6 8 10 12 | 12.2
Fighting       | |  0.7
Dodging        | |  1.5
Unarmed Combat | |  3.1

Action                     |  1- 3 |  4- 6 |  7- 9 || total
---------------------------+-------+-------+-------++-------
  Melee: Unarmed           |    87 |    87 |   249 ||   423
         Punch             |     4 |     4 |     8 ||    16
         Maw               |       |       |    47 ||    47
 Invoke: Heroism           |       |       |     1 ||     1
    Use: Scroll            |     3 |       |     4 ||     7
         Potion            |       |       |     2 ||     2
   Stab: Sleeping          |     3 |       |     2 ||     5
 Armour: Animal skin       |    34 |    27 |    19 ||    80
         Troll leather arm |       |       |     9 ||     9
         Skin              |       |       |    75 ||    75
  Dodge: Dodged            |    41 |    51 |   139 ||   231
   Form: Maw               |       |       |     1 ||     1

Table legend: (Time is in decaauts)
 A = Elapsed time spent in this place.
 B = Non-inter-level travel time spent in this place.
 C = Inter-level travel time spent in this place.
 D = Time resting spent in this place.
 E = Time spent auto-exploring this place.
 F = Levels seen in this place.
 G = Mean time per level.
                   A        B        C        D        E       F      G
               +--------+--------+--------+--------+--------+-----+--------+
         Total |   5387 |   5219 |    168 |    187 |   3712 |  10 |  538.7 |
       Dungeon |   5114 |   4946 |    168 |    187 |   3629 |   8 |  639.2 |
        Temple |    128 |    128 |      0 |      0 |      0 |   1 |  128.0 |
         Sewer |    144 |    144 |      0 |      0 |     83 |   1 |  144.0 |
               +--------+--------+--------+--------+--------+-----+--------+

Top non-repeatable levels by time:
     D:3: 935 daAuts
     D:7: 798 daAuts
     D:6: 732 daAuts
     D:4: 660 daAuts
     D:5: 627 daAuts
     D:1: 619 daAuts
     D:2: 384 daAuts
     D:8: 355 daAuts
   Sewer: 144 daAuts
  Temple: 128 daAuts
